 Dungeon Crawl Stone Soup version 0.23.2 (webtiles) character file.

Game seed: 164308723365427314

296 Marnok the Twirler (level 6, 0/72 HPs)
             Began as a Demonspawn Gladiator on Apr 3, 2019.
             Slain by an ogre
             ... wielding a +0 giant club
              (17 damage)
             ... on level 4 of the Dungeon.
             The game lasted 00:07:23 (2817 turns).

Marnok the Twirler (Demonspawn Gladiator)           Turns: 2817, Time: 00:07:24

Health: 0/72       AC: 23    Str: 13 (16) XL:     6   Next: 12%
Magic:  6/6        EV:  2    Int: 14 (15) God:
Gold:   59         SH:  0    Dex: 13 (14) Spells: 5/5 levels left

rFire    . . .     SeeInvis .   a - +0 quarterstaff
rCold    . . .     Gourm    .   (shield currently unavailable)
rNeg     + + +     Faith    +   (armour currently unavailable)
rPois    +         Spirit   .   (helmet currently unavailable)
rElec    .         Reflect  .   (cloak currently unavailable)
rCorr    .         Harm     .   (gloves currently unavailable)
MR       .....     NoTele   +   (boots currently unavailable)
Stlth    ++........             u - amulet of faith
HPRegen  0.22/turn              g - ring of flight
MPRegen  0.10/turn              (no ring)

@: brilliant, tree-form
A: rugged brown scales 1
a: no special abilities


You were on level 4 of the Dungeon.
You were hungry.
You were a tree.
You visited 1 branch of the dungeon, and saw 4 of its levels.

You collected 59 gold pieces.

Inventory:

Hand Weapons
 a - a +0 quarterstaff (weapon)
Missiles
 d - 4 throwing nets (quivered)
Armour
 b - a +0 leather armour
 c - a +0 helmet (melded)
 v - a +3 ring mail (melded)
Jewellery
 g - a ring of flight (left branch)
 u - an amulet of faith (around neck)
Wands
 r - a wand of acid (11)
Scrolls
 h - 7 scrolls of identify {unknown}
 i - a scroll of enchant armour {unknown}
 k - 2 scrolls of fear {unknown}
 l - 4 scrolls of remove curse
 m - 2 scrolls of teleportation {unknown}
 s - a scroll of magic mapping {unknown}
Potions
 e - a potion of might {unknown}
 j - a potion of degeneration
 o - a potion of lignification
 q - a potion of curing
Comestibles
 f - 8 rations


   Skills:
 + Level 3.0 Fighting
 + Level 4.7 Staves
 + Level 1.9 Throwing
 + Level 1.4 Armour
 + Level 3.6 Dodging
 + Level 1.1 Stealth


You had 5 spell levels left.
You didn't know any spells.
Your spell library was empty.

Dungeon Overview and Level Annotations

Branches:
Dungeon (4/15)
 Temple: D:4-7

Altars:
Qazlal


Innate Abilities, Weirdness & Mutations

((You have sharp fingernails.))
(You are partially covered in rugged brown scales. (AC +1, +3% HP))


Message History

The ogre is moderately wounded.
The ogre hits you with a +0 giant club!
* * * LOW HITPOINT WARNING * * *
It was a potion of brilliance.
You feel clever all of a sudden. The ogre hits you but does no damage.
You hit the ogre.
The ogre is moderately wounded.
The ogre hits you with a +0 giant club!
* * * LOW HITPOINT WARNING * * *
Okay, then.
You feel better.
You are feeling hungry.
You thump the ogre!
The ogre is severely wounded.
The ogre hits you but does no damage.
You barely miss the ogre.
The ogre is severely wounded.
The ogre hits you with a +0 giant club!
You die...

########
#......#
#......#
#......#
###gZ....#...
#♣Oowh........
###Zh.........
###.........
#.......o.
#.........
#g..O.....
#.........
.........


You could see an ogre, a worm, a gnoll, an orc, 2 jackals, a ball python
skeleton and a bullfrog skeleton.

Vanquished Creatures
  A bullfrog (D:4)
  An orc priest (D:3)
  An orc wizard (D:3)
  2 gnolls (D:4)
  5 adders
  2 oozes (D:2)
  An adder skeleton (D:4)
  3 worms
  2 dart slugs
  2 leopard geckos
  8 orcs
  4 bats
  4 giant cockroaches
  17 goblins
  7 hobgoblins
  3 jackals (D:1)
  4 kobolds
  3 frilled lizards
  11 rats
81 creatures vanquished.

Notes
Turn   | Place    | Note
-------+----------+-------------------------------------------
     0 | D:1      | Marnok the Demonspawn Gladiator began the quest for the
                  | Orb.
     0 | D:1      | Reached XP level 1. HP: 16/16 MP: 1/1
   193 | D:1      | Gained mutation: You are partially covered in rugged brown
                  | scales. (AC +1, +3% HP) [demonic ancestry]
   193 | D:1      | Reached XP level 2. HP: 10/22 MP: 2/2
   631 | D:1      | Reached skill level 3 in Staves
   979 | D:2      | Gained mutation: You have sharp fingernails. [demonic
                  | ancestry]
   979 | D:2      | Reached XP level 3. HP: 28/28 MP: 3/3
  1231 | D:2      | Reached XP level 4. HP: 32/35 MP: 4/4
  1504 | D:3      | Reached skill level 4 in Staves
  1807 | D:3      | Reached XP level 5. HP: 40/40 MP: 5/5
  1818 | D:3      | Reached skill level 1 in Armour
  2222 | D:3      | Found a stormy altar of Qazlal.
  2776 | D:4      | Noticed an ogre
  2786 | D:4      | Reached skill level 1 in Stealth
  2786 | D:4      | Reached XP level 6. HP: 36/47 MP: 6/6
  2817 | D:4      | Slain by an ogre

Skill      XL: |  1  2  3  4  5  6 |
---------------+-------------------+-----
Dodging        | 3 |  3.6
Staves         | 3 4 |  4.7
Armour         | 1 |  1.4
Stealth        | 1 |  1.1
Fighting       | 3 |  3.0
Throwing       | |  1.9

Action                   |  1- 3 |  4- 6 || total
-------------------------+-------+-------++-------
Melee: Quarterstaff      |   123 |   159 ||   282
  Use: Scroll            |       |     1 ||     1
       Potion            |       |     6 ||     6
 Stab: Sleeping          |     1 |     1 ||     2
  Eat: Chunk             |     1 |     5 ||     6
Armor: Leather armour    |    27 |    42 ||    69
       Ring mail         |       |     9 ||     9
       Skin              |       |     7 ||     7
Dodge: Dodged            |    85 |    69 ||   154
